 Dungeon Crawl Stone Soup version 0.28.0-1-gb440e238dd (webtiles) character file.

Game seed: 7441619122705936579

97 mortz the Firebug (level 5, -3/35 HPs)
             Began as a Human Fire Elementalist on Feb 20, 2022.
             Killed from afar by Ijyb (38 damage)
             ... with a bolt of acid
             ... on level 3 of the Dungeon.
             The game lasted 00:13:51 (2750 turns).

mortz the Firebug (Human Fire Elementalist)         Turns: 2750, Time: 00:13:52

Health: -3/35      AC:  3    Str:  8    XL:     5   Next: 0%
Magic:  2/8        EV: 12    Int: 17    God:
Gold:   113        SH:  0    Dex: 14    Spells: 6/9 levels left

rFire   . . .      SeeInvis .   h - +0 short sword
rCold   . . .      Faith    .   (no shield)
rNeg    . . .      Spirit   .   a - +0 robe
rPois   .          Reflect  .   (no helmet)
rElec   .          Harm     .   (no cloak)
rCorr   .          Rampage  .   o - +0 pair of gloves
Will    .....                   (no boots)
Stlth   ++........              f - amulet of the acrobat
HPRegen 0.11/turn               l - ring of flight
MPRegen 0.11/turn               (no ring)

@: flying
A: no striking features
a: no special abilities


You were on level 3 of the Dungeon.
You visited 1 branch of the dungeon, and saw 3 of its levels.

You collected 113 gold pieces.

Inventory:

Hand Weapons
 b - a +0 mace
 d - a +0 dagger
 h - a +0 short sword (weapon)
 i - a +0 war axe
Missiles
 c - 4 poisoned darts
Armour
 a - a +0 robe (worn)
 o - a +0 pair of gloves (worn)
Jewellery
 f - an amulet of the acrobat (around neck)
 l - a ring of flight (left hand)
Scrolls
 e - 3 scrolls of fear {unknown}
 g - 3 scrolls of identify {unknown}
 k - 3 scrolls of noise {unknown}
 n - a scroll of amnesia {unknown}
Potions
 j - 2 potions of mutation {unknown}
 m - a potion of haste {unknown}


   Skills:
 + Level 2.2 Dodging
 + Level 2.2 Stealth
 + Level 2.6 Spellcasting
 + Level 2.6 Conjurations
 + Level 3.8 Fire Magic


You had 6 spell levels left.
You knew the following spells:

 Your Spells              Type           Power      Damage    Failure   Level
a - Foxfire               Conj/Fire      52%        2x1d6     4%          1
b - Scorch                Fire           30%        2d7       6%          2

Your spell library contained the following spells:

 Spells                   Type           Power      Damage    Failure   Level
 Conjure Flame            Conj/Fire      13%        6-21      14%         3
 Apportation              Tloc           4%         N/A       19%         1
 Sting                    Tmut/Pois      8%         1d3       19%         1
 Inner Flame              Hex/Fire       8%         N/A       26%         3
 Poisonous Vapours        Pois/Air       4%         N/A       28%         2
 Flame Wave               Conj/Fire      13%        2d6       43%         4
 Olgreb's Toxic Radiance  Pois           2%         N/A       88%         4
 Alistair's Intoxication  Tmut/Pois      1%         N/A       99%         5


Dungeon Overview and Level Annotations

Branches:
Dungeon (3/15)

Altars:

Annotations:
D:3 Ijyb


Message History

You conjure some foxfire!
The foxfire hits the adder.
You kill the adder!
Your foxfire dissipates!
A hobgoblin comes into view.
You see here a +0 pair of gloves.
o - a +0 pair of gloves The hobgoblin shouts!
You start putting on your armour.
You continue putting on your +0 pair of gloves. x4
You finish putting on your +0 pair of gloves.
Casting: Foxfire (safe; 4% risk of failure)
Confirm with . or Enter, or press ? or * to list all spells.
Flames lash the hobgoblin.
You kill the hobgoblin!
You hear a shout!
You have reached level 5!
Ijyb the Twisted Goblin comes into view.
She is wielding a +0 dagger and carrying a wand of acid (14).
Ijyb is nearby!
You see here a scroll labelled SIG JUDYUT.
k - 3 scrolls labelled SIG JUDYUT (gained 1)
There is a stone staircase leading up, spattered with blood here.
Casting: Foxfire (safe; 4% risk of failure)
Press: ? - help, Q - select action, (/) - cycle Dir - look around, f - activate You conjure some foxfire!
Casting: Foxfire (safe; 4% risk of failure)
Press: ? - help, Q - select action, (/) - cycle Dir - look around, f - activate You conjure some foxfire!
The foxfire hits Ijyb but does no damage. x2
Casting: Foxfire (safe; 4% risk of failure)
Confirm with . or Enter, or press ? or * to list all spells.
Flames lash Ijyb.
Ijyb is lightly wounded.
Ijyb's fire resistance burns away.
The foxfire hits Ijyb.
Ijyb is lightly wounded.
The foxfire hits Ijyb.
Ijyb is burned terribly!
Ijyb is moderately wounded.
Ijyb zaps a wand.
The bolt of acid hits you!!!
Ouch! That really hurt!
You die...

. ####+#.# #
#......# #
#......# #
#......## #
#.......# #
#.......# #
#..§§...# #
#.§§@§$.# #
#.§§§§..# #
#..§.§..# #
###..g..# #
#.....# # #.....#
# #.[...####### #
+######+##.......#
# ...... #.....†.#
#


You could see Ijyb (combustible).

Vanquished Creatures
  Jessica (D:3)
  2 adders
  An orc (D:3)
  3 ball pythons
  5 bats
  6 endoplasms
  3 goblins
  10 hobgoblins
  4 jackals (D:1)
  2 quokkas (D:1)
  2 frilled lizards (D:1)
  7 kobolds
  3 rats
49 creatures vanquished.

Vanquished Creatures (others)
  104 foxfires
104 creatures vanquished.

Grand Total: 153 creatures vanquished

Notes
Turn   | Place    | Note
-------+----------+-------------------------------------------
     0 | D:1      | mortz the Human Fire Elementalist began the quest for the
                  | Orb.
     0 | D:1      | Reached XP level 1. HP: 13/13 MP: 3/3
   176 | D:1      | Reached XP level 2. HP: 19/19 MP: 1/5
   369 | D:1      | Learned a level 2 spell: Scorch
   618 | D:1      | Found a faded altar of an unknown god.
   698 | D:1      | You fall into a shaft and drop 1 floor!
   749 | D:2      | Reached XP level 3. HP: 24/24 MP: 4/6
  2107 | D:3      | Noticed Jessica
  2112 | D:2      | Reached XP level 4. HP: 14/30 MP: 3/7
  2302 | D:3      | Killed Jessica
  2729 | D:3      | Reached XP level 5. HP: 35/35 MP: 3/8
  2729 | D:3      | Noticed Ijyb
  2750 | D:3      | Killed from afar by Ijyb

Illustrated notes

Levels and vault maps discovered:
D:1:      lemuel_arrival_funnel, layout_basic, ebering_ecumenical_altar_rust,
          minmay_domino_4
D:2:      layout_loops_ring
D:3:      layout_basic, lemuel_coloured_pillars_altar,
          nicolae_overflow_ecumenical_swirl, minmay_ogre_servants,
          uniq_crazy_yiuf_cottage, uniq_ijyb, uniq_jessica, uniq_sigmund

Skill      XL: |  1  2  3  4 |
---------------+-------------+-----
Conjurations   | 2 |  2.6
Dodging        | |  2.2
Stealth        | |  2.2
Spellcasting   | |  2.6
Fire Magic     | |  3.8

Action                   |  1- 3 |  4- 6 || total
-------------------------+-------+-------++-------
Melee: Unarmed           |     2 |       ||     2
       Mace              |     2 |       ||     2
       Dagger            |    11 |       ||    11
       Short sword       |       |     5 ||     5
 Cast: Foxfire           |    47 |    15 ||    62
       Scorch            |     2 |     2 ||     4
Armor: Robe              |     4 |     3 ||     7
Dodge: Dodged            |    28 |     3 ||    31
